 Dungeon Crawl Stone Soup version 0.19-a0-1899-g2d93087 (webtiles) character file.

203289 beholder the Cloud Mage (level 18, -3/105 HPs)
             Began as a Tengu Fire Elementalist on Oct 17, 2016.
             Was the Champion of Vehumet.
             Slain by a moth of wrath (6 damage)
             ... on level 4 of the Spider Nest on Oct 19, 2016.
             The game lasted 06:29:54 (30905 turns).

beholder the Cloud Mage (Tengu Fire Elementalist)  Turns: 30905, Time: 06:29:57

Health: -3/105     AC: 12    Str:  9    XL:     18   Next: 61%
Magic:  3/44       EV: 22    Int: 26    God:    Vehumet [******]
Gold:   1598       SH:  8    Dex: 17    Spells: 8 memorised, 6 levels left

rFire  . . .     SeeInvis +     C - +1 rod of inaccuracy (0/9)
rCold  . . .     Gourm    +     z - +4 troll leather armour
rNeg   + + .     Faith    .     y - +3 buckler {reflect}
rPois  +         Spirit   .     b - +2 hat {MR+}
rElec  .         Reflect  +     Q - +2 cloak
rCorr  .         Harm     .     g - +4 pair of gloves of the Doldrums {rN+ Dex-5 SInv}
MR     ++...                    (boots unavailable)
Stlth  ++........               f - amulet "Qoner" {Gourm rPois rN+ Dex+5}
                                t - ring of magical power
                                u - +3 ring of intelligence

@: corroded, flying quickly and evasively, quick
A: beak, talons 3, clever 1, wild magic 1, able to fly 2
a: Stop Flying, Renounce Religion
}: 1/15 runes: barnacled


You were on level 4 of the Spider Nest.
You worshipped Vehumet.
Vehumet was exalted by your worship.
You were completely stuffed.

You visited 6 branches of the dungeon, and saw 28 of its levels.
You also visited: Labyrinth, Sewer, Bailey and Ice Cave.

You collected 2735 gold pieces.
You spent 1137 gold pieces at shops.

Inventory:

Hand Weapons
 n - the +2 rapier "Arphong" {drain, rElec Str+3}
   (You took it off a hobgoblin in a bailey)

   A truly terrible weapon, it drains the life of those it strikes.
   It affects your strength (+3).
   It insulates you from electricity.
Armour
 b - a +2 hat of magic resistance (worn)
 g - the +4 pair of gloves of the Doldrums (worn) {rN+ Dex-5 SInv}
   (You bought it in a shop on level 2 of the Orcish Mines)

   It affects your dexterity (-5).
   It protects you from negative energy.
   It lets you see invisible.
 y - a +3 buckler of reflection (worn)
 z - a +4 troll leather armour (worn)
 Q - a +2 cloak (worn)
Magical Staves
 r - an uncursed staff of energy
Rods
 C - a +1 rod of inaccuracy (0/9) (in hand)
   (You found it on level 4 of the Dungeon)
Jewellery
 f - the amulet "Qoner" (around neck) {Gourm rPois rN+ Dex+5}
   (You found it in a labyrinth)

   [amulet of the gourmand]

   It allows you to eat raw meat even when not hungry.
   It affects your dexterity (+5).
   It protects you from poison.
   It protects you from negative energy.
 t - a ring of magical power (right hand)
 u - a +3 ring of intelligence (left hand)
Wands
 c - a wand of disintegration (8/24)
 e - a wand of teleportation (2/9)
 k - a wand of iceblast (3/15)
 o - a wand of acid (6/15)
 p - a wand of polymorph (7/24)
 v - a wand of acid (5/15)
 B - a wand of enslavement (3/24)
 F - a wand of lightning (9/15)
 I - a wand of digging (7/24)
 L - a wand of paralysis (16/24)
 M - a wand of confusion (8/48)
Scrolls
 j - a scroll of enchant armour
 m - 10 scrolls of teleportation
 s - 4 scrolls of remove curse
 A - 2 scrolls of fog
 E - 2 scrolls of recharging
 O - 3 scrolls of identify
 R - 3 scrolls of immolation
 U - a scroll of magic mapping
 X - 2 scrolls of blinking
Potions
 d - 5 potions of haste
 h - a potion of resistance
 i - 10 potions of curing
 q - 4 potions of might
 w - 4 potions of agility
 x - a potion of brilliance
 D - 6 potions of lignification
 G - a potion of invisibility
 J - 3 potions of ambrosia
 P - 2 potions of magic
 S - 5 potions of heal wounds
 T - a potion of cancellation
Miscellaneous
 Z - 2 boxes of beasts
Comestibles
 a - 12 royal jellies
 l - a beef jerky
 H - a bread ration
 K - a slice of pizza
 N - 3 fruits
 V - a chunk of flesh


   Skills:
 - Level 9.0 Fighting
 - Level 10.0 Armour
 - Level 10.0 Dodging
 - Level 2.0 Stealth
 - Level 4.2 Shields
 - Level 12.0 Spellcasting
 - Level 19.0 Conjurations
 - Level 3.0 Translocations
 - Level 9.0 Fire Magic
 + Level 21.7 Air Magic
 - Level 7.1 Evocations


You had 6 spell levels left.
You knew the following spells:

 Your Spells              Type           Power        Failure   Level  Hunger
a - Iskenderun's Mystic   Conj           #######.     1%          4    None
b - Blink                 Tloc           N/A          3%          2    None
c - Conjure Flame         Conj/Fire      #######.     1%          3    None
d - Chain Lightning       Conj/Air       ########..   4%          8    #######
e - Orb of Destruction    Conj           #######...   1%          7    ######.
f - Fireball              Conj/Fire      #######...   1%          5    ###....
h - Delayed Fireball      Conj/Fire      N/A          5%          7    ######.
s - Sticky Flame          Conj/Fire      #######.     1%          4    None


Dungeon Overview and Level Annotations

Branches:
Dungeon (11/15)            Temple (1/1) D:4            Lair (6/6) D:11
 Shoals (4/4) Lair:2       Spider (4/4) Lair:4        Slime (0/5) Lair:6
    Orc (2/2) D:10            Elf (0/3) Orc:2

Altars:
Ashenzari
Cheibriados
Elyvilon
Fedhas
Gozag
Hepliaklqana
Kikubaaqudgha
Makhleb
Nemelex Xobeh
Okawaru
Qazlal
Ru
Sif Muna
Trog
Uskayaw
Vehumet
Xom
Zin
The Shining One
Beogh
Jiyva

Shops:
D:7 *   D:10 *   Orc:2 ![(=

Annotations:
Lair:1 exclusion: downstairs


Innate Abilities, Weirdness & Mutations

You have a beak for a mouth.
You have claws for feet.
You can fly continuously.
Your mind is acute. (Int +2)
Your spells are a little harder to cast, but a little more powerful.


Message History

Aim: a moth of wrath The narrow beam of energy misses the emperor scorpion.
The narrow beam of energy hits the moth of wrath.
The moth of wrath is almost dead.
The emperor scorpion stings you.
You block the emperor scorpion's attack.
The emperor scorpion claws you! The emperor scorpion barely misses you.
You block the emperor scorpion's attack.
The emperor scorpion completely misses you.
You take 11 damage, and have 54/105 hp.
Aiming: Bolt of Inaccuracy
Press: ? - help, Shift-Dir - straight line, f - emperor scorpion, p - moth of wrath
Aim: an emperor scorpion (almost dead, berserk, fast, unusually strong)
The narrow beam of energy misses the emperor scorpion.
The emperor scorpion stings you!!!
* * * LOW HITPOINT WARNING * * *
The emperor scorpion claws you!
* * * LOW HITPOINT WARNING * * *
The emperor scorpion barely misses you. The moth of wrath bites you.
You die...

###. #..#..#...#.
##%.. ##.....^.....
#.... #....<.##...#
##≈..≈## #.......##...
#≈†≈##≈###....#^..^...
#≈..##...+^..^#...#...
#........+†.....#....#
##≈.....)+%%.#^.#.##..
##.†.@...#†........#..
#^.†sy####.....#..#...
#≈%..## #..^..#.^....
#≈.### ##.^.#.....#.
#..≈## #..##.......
##.§.# #..#......#.
#.§)≈.# ##...<.#..#.
##§%...# #..#.<.#...
.y....# ##...#..^#.


You could see an emperor scorpion (berserk) and a moth of wrath.

Vanquished Creatures
  Arachne (Spider:3)
  The ghost of Raws the Sharpshooter, an adept FoFi of Okawaru (Spider:2)
  Kirke (Spider:1)
  Ilsuiw (Shoals:4)
  A frost giant (IceCv)
  5 ghost moths
  An orc warlord (Orc:2)
  2 emperor scorpions
  2 entropy weavers
  Nessos (Lair:4)
  2 spark wasps (Spider:4)
  6 merfolk javelineers
  A minotaur (Lab)
  13 merfolk impalers
  7 merfolk avatars
  An alligator snapping turtle (Shoals:2)
  7 hydras
  3 catoblepae (Lair:6)
  16 death yaks
  The ghost of Nuatha the Unseen, a journeyman SpAK of Lugonu (Lair:4)
  An orc high priest (Orc:2)
  15 sea snakes
  An unseen horror (D:11)
  4 hill giants
  7 orc knights
  Pikel (D:8)
  17 harpies
  An orc sorcerer (Orc:2)
  31 wolf spiders
  13 orb spiders
  A deep elf mage (D:9)
  An ugly thing (D:10)
  5 fauns
  20 manticores
  A moth of wrath (Spider:1)
  3 cyclopes
  11 sirens
  10 elephants
  A torpor snail (Orc:2)
  3 black mambas
  An ice statue (IceCv)
  A gargoyle (D:11)
  10 water nymphs
  14 spiny frogs
  4 komodo dragons
  A rime drake (Lair:6)
  10 demonic crawlers
  6 trolls
  2 minotaur zombies (Lab)
  31 jumping spiders
  18 polar bears
  A queen bee (D:8)
  19 merfolk
  6 wind drakes
  4 hornets
  Prince Ribbit (D:7)
  23 blink frogs
  10 snapping turtles
  7 hippogriffs
  3 dream sheep (Shoals:3)
  52 redbacks
  27 tarantellas
  2 wyverns
  70 yaks
  A spriggan (shapeshifter) (D:9)
  3 water elementals
  2 hogs (Spider:1)
  2 hungry ghosts
  4 basilisks
  Menkaure (D:4)
  5 swamp worms (Spider:2)
  7 wargs
  Duvessa (D:7)
  30 water moccasins
  13 porcupines
  A swamp drake (Lair:5)
  Purgy (Sewer)
  29 orc warriors
  4 black bears
  14 ogres
  3 ice beasts
  8 necrophages
  5 sky beasts
  A phantom (D:4)
  30 wolves
  6 centaurs
  15 crocodiles
  A big kobold (D:11)
  9 bullfrogs
  An earth elemental (Lab)
  A water moccasin zombie (D:8)
  Dowan (D:7)
  A wyvern skeleton (D:11)
  7 scorpions
  19 killer bees
  15 wights
  11 howler monkeys
  7 crimson imps
  4 centaur zombies
  4 lava snakes (Lab)
  A quasit (D:5)
  A bullfrog zombie (D:6)
  A gnoll shaman (D:8)
  3 bullfrog skeletons
  4 hounds
  Crazy Yiuf (D:7)
  15 orc priests
  3 centaur skeletons
  A jelly (D:9)
  14 orc wizards
  Jessica (D:3)
  3 iguanas
  4 worker ants
  A killer bee zombie (D:7)
  2 hound zombies
  3 hound skeletons
  A howler monkey zombie (D:8)
  A howler monkey skeleton (D:5)
  10 gnolls
  28 adders
  2 river rats (D:11)
  2 shadow imps (D:5)
  An ooze (D:1)
  3 adder skeletons
  15 worms
  A dart slug (D:5)
  6 leopard geckos
  82 orcs
  10 bats
  3 giant cockroaches
  18 goblins
  17 hobgoblins
  6 jackals
  31 kobolds
  6 quokkas
  2 ball pythons
  8 frilled lizards
  A leopard gecko skeleton (D:5)
  A quokka skeleton (D:5)
  8 rats
  A bush (Lair:5)
  A fire vortex (Shoals:3)
  2 fungi
  7 plants
1142 creatures vanquished.

Vanquished Creatures (collateral kills)
  An orc wizard (Orc:2)
1 creature vanquished.

Vanquished Creatures (others)
  A cyclops (Shoals:4)
  4 humans (Spider:1)
  An orc warrior (Orc:1)
  A wight (D:10)
  An orc (Orc:2)
  2 fungi
  20 plants
30 creatures vanquished.

Grand Total: 1173 creatures vanquished

Notes
Turn   | Place    | Note
-------+----------+-------------------------------------------
     0 | D:1      | beholder the Tengu Fire Elementalist began the quest for the Orb.
     0 | D:1      | Reached XP level 1. HP: 10/10 MP: 4/4
   277 | D:1      | Reached XP level 2. HP: 15/15 MP: 4/6
   850 | D:1      | Reached XP level 3. HP: 19/19 MP: 2/8
   855 | D:1      | Learned a level 3 spell: Conjure Flame
  1172 | D:2      | Found a shattered altar of Ashenzari.
  1179 | D:2      | Found a stormy altar of Qazlal.
  1509 | D:2      | Found a sacrificial altar of Ru.
  2028 | D:2      | Reached XP level 4. HP: 24/24 MP: 2/9
  2102 | D:2      | Learned a level 4 spell: Sticky Flame
  2129 | D:3      | Found a bloodstained altar of Trog.
  2423 | D:3      | Found a shimmering altar of Xom.
  2494 | D:3      | Noticed Jessica
  2520 | D:3      | Killed Jessica
  2520 | D:3      | Gained mutation: You can fly. [Tengu growth]
  2520 | D:3      | Reached XP level 5. HP: 28/28 MP: 6/10
  2827 | D:4      | Noticed Menkaure
  2880 | D:4      | Killed Menkaure
  2880 | D:4      | Reached skill level 5 in Fire Magic
  2880 | D:4      | Reached XP level 6. HP: 17/32 MP: 2/11
  2931 | D:4      | Reached skill level 5 in Conjurations
  2949 | D:4      | Found a glowing drain.
  3044 | Sewer    | Entered a sewer
  3168 | Sewer    | Noticed Purgy
  3204 | Sewer    | Learned a level 2 spell: Blink
  3215 | Sewer    | Killed Purgy
  3359 | D:4      | Reached XP level 7. HP: 36/36 MP: 8/12
  3397 | D:4      | Reached skill level 1 in Translocations
  3424 | D:4      | Found a staircase to the Ecumenical Temple.
  3505 | D:4      | Got a faintly glowing chain mail
  3516 | D:4      | Identified the +5 chain mail of Vocuqa Muph {MP+9} (You found it on level 4 of the Dungeon)
  3530 | Temple   | Entered the Ecumenical Temple
  3663 | Temple   | Became a worshipper of Vehumet
  3717 | D:4      | Reached skill level 1 in Armour
  3918 | D:4      | Identified a +1 rod of inaccuracy (9/9) (You found it on level 4 of the Dungeon)
  4213 | D:5      | Entered Level 5 of the Dungeon
  4358 | D:5      | Reached XP level 8. HP: 41/41 MP: 9/13
  4520 | D:5      | Reached * piety under Vehumet
  4520 | D:5      | Offered knowledge of Freeze by Vehumet.
  4718 | D:5      | Learned a level 3 spell: Mephitic Cloud
  4810 | D:5      | Reached skill level 2 in Air Magic
  4835 | D:5      | Gained mutation: Your mind is acute. (Int +2) [mutagenic meat]
  4838 | D:5      | Gained mutation: Your spells are a little harder to cast, but a little more powerful. [mutagenic meat]
  4899 | D:5      | Reached skill level 3 in Air Magic
  4910 | D:5      | Got a scintillating garnet amulet
  4930 | D:5      | Identified the amulet "Qefoim" {RegenMP +Fly Str+2} (You found it on level 5 of the Dungeon)
  5075 | D:5      | Reached skill level 5 in Armour
  5075 | D:5      | Reached skill level 4 in Air Magic
  5159 | D:5      | Found a glowing golden altar of the Shining One.
  5380 | D:6      | Reached skill level 5 in Air Magic
  5655 | D:6      | Reached XP level 9. HP: 40/45 MP: 10/15
  5802 | D:6      | Reached skill level 6 in Air Magic
  5812 | D:6      | Reached ** piety under Vehumet
  5812 | D:6      | Offered knowledge of Shock by Vehumet.
  5815 | D:6      | Learned a level 1 spell: Shock
  6068 | D:7      | Found a runed door.
  6072 | D:7      | Noticed Crazy Yiuf
  6079 | D:7      | Killed Crazy Yiuf
  6334 | D:7      | Reached skill level 7 in Air Magic
  6339 | D:7      | Reached skill level 5 in Spellcasting
  6407 | D:7      | Found an ancient bone altar of Kikubaaqudgha.
  6570 | D:7      | Found Gozag's Platinum Reserve.
  6571 | D:7      | Noticed Dowan
  6572 | D:7      | Noticed Duvessa
  6585 | D:7      | Killed Dowan
  6592 | D:7      | Killed Duvessa
  6600 | D:7      | Found an opulent altar of Gozag.
  6768 | D:7      | Offered knowledge of Static Discharge by Vehumet.
  6770 | D:7      | Noticed Prince Ribbit
  6777 | D:7      | Killed Prince Ribbit
  6777 | D:7      | Reached skill level 8 in Air Magic
  6784 | D:7      | Learned a level 5 spell: Fireball
  6836 | D:7      | Reached XP level 10. HP: 50/50 MP: 15/19
  7055 | D:8      | Reached *** piety under Vehumet
  7095 | D:8      | Found a flagged portal.
  7101 | Bailey   | Entered a bailey
  7113 | Bailey   | Noticed an orc knight
  7121 | Bailey   | Noticed an orc knight
  7142 | Bailey   | Noticed an orc knight
  7254 | Bailey   | Offered knowledge of Iskenderun's Mystic Blast by Vehumet.
  7260 | Bailey   | Killed an orc knight
  7260 | Bailey   | Reached skill level 9 in Air Magic
  7359 | Bailey   | Killed an orc knight
  7359 | Bailey   | Reached skill level 1 in Fighting
  7369 | Bailey   | Killed an orc knight
  7453 | Bailey   | Got a brightly glowing rapier {drain}
  7717 | D:8      | Learned a level 4 spell: Iskenderun's Mystic Blast
  7776 | D:8      | Found a blossoming altar of Fedhas.
  7852 | D:8      | Reached **** piety under Vehumet
  7860 | D:8      | Offered knowledge of Lee's Rapid Deconstruction by Vehumet.
  8002 | D:8      | Found a snail-covered altar of Cheibriados.
  8052 | D:8      | Reached XP level 11. HP: 60/62 MP: 16/23
  8158 | D:8      | Noticed Pikel
  8163 | D:8      | Killed Pikel
  8163 | D:8      | Reached skill level 5 in Fighting
  8320 | D:8      | Found a snail-covered altar of Cheibriados.
  8437 | D:9      | Found a stormy altar of Qazlal.
  8578 | D:9      | Found a snail-covered altar of Cheibriados.
  8630 | D:9      | Found a burning altar of Makhleb.
  8701 | D:9      | Found an iron altar of Okawaru.
  8828 | D:9      | Noticed a hill giant
  8832 | D:9      | Noticed a deep elf mage
  9222 | D:9      | Killed a deep elf mage
  9226 | D:9      | Reached ***** piety under Vehumet
  9227 | D:9      | Offered knowledge of Orb of Destruction by Vehumet.
  9233 | D:9      | Killed a hill giant
  9265 | D:9      | Got a crude chain mail
  9279 | D:9      | Identified the +6 chain mail of Valour {rPois MP-9 Dex+3 SInv} (You found it on level 9 of the Dungeon)
  9317 | D:9      | Learned a level 7 spell: Orb of Destruction
  9405 | D:10     | Entered Level 10 of the Dungeon
  9455 | D:10     | Found a staircase to the Orcish Mines.
  9550 | D:10     | Noticed a cyan ugly thing
  9576 | D:10     | Killed a cyan ugly thing
  9641 | D:10     | Found Uzotis's Demolitions Depot.
  9671 | D:10     | Reached skill level 5 in Dodging
  9888 | D:10     | Noticed a hill giant
  9916 | D:10     | Killed a hill giant
 10409 | Orc:1    | Entered Level 1 of the Orcish Mines
 10411 | Orc:1    | Reached XP level 12. HP: 73/73 MP: 18/26
 10483 | Orc:1    | Reached skill level 1 in Shields
 10866 | Orc:2    | Entered Level 2 of the Orcish Mines
 10984 | Orc:2    | Found a roughly hewn altar of Beogh.
 11041 | Orc:2    | Found a roughly hewn altar of Beogh.
 11323 | Orc:2    | Found a staircase to the Elven Halls.
 11458 | Orc:2    | Offered knowledge of Conjure Ball Lightning by Vehumet.
 11521 | Orc:2    | Found a roughly hewn altar of Beogh.
 11524 | Orc:2    | Reached skill level 10 in Conjurations
 11571 | Orc:2    | Found a roughly hewn altar of Beogh.
 11593 | Orc:2    | Found Huig's Jewellery Boutique.
 11826 | Orc:2    | Found a roughly hewn altar of Beogh.
 11859 | Orc:2    | Found Qimuahaawn's Distillery.
 11866 | Orc:2    | Bought a potion of lignification for 45 gold pieces
 12195 | Orc:1    | Found a bloodstained altar of Trog.
 12326 | Orc:2    | Noticed an orc high priest
 12330 | Orc:2    | Killed an orc high priest
 12331 | Orc:2    | Noticed an orc warlord
 12646 | Orc:2    | Killed an orc warlord
 12852 | Orc:2    | Found Zuxeanash's Antique Armour Boutique.
 12852 | Orc:2    | Found a roughly hewn altar of Beogh.
 12853 | Orc:2    | Found Sizaqos's Antique Weapon Shop.
 12877 | Orc:2    | Bought a pair of transparent gloves for 342 gold pieces
 12888 | Orc:2    | Identified the +4 pair of gloves of the Doldrums {rN+ Dex-5 SInv} (You bought it in a shop on level 2 of the Orcish Mines)
 12892 | Orc:2    | Bought a pair of translucent gloves for 342 gold pieces
 12904 | Orc:2    | Identified the +2 pair of gloves "Puessof" {MR+} (You bought it in a shop on level 2 of the Orcish Mines)
 12958 | Orc:2    | Bought a cursed amulet of inaccuracy for 34 gold pieces
 12958 | Orc:2    | Bought a cursed -2 ring of dexterity for 34 gold pieces
 12962 | Orc:2    | Bought an uncursed ring of magical power for 340 gold pieces
 13121 | D:11     | Reached XP level 13. HP: 78/78 MP: 26/27
 13147 | D:11     | Offered knowledge of Delayed Fireball by Vehumet.
 13167 | D:11     | Reached skill level 15 in Conjurations
 13240 | D:11     | Found a staircase to the Lair.
 13284 | D:11     | Identified the cursed +2 rapier "Arphong" {drain, rElec Str+3} (You took it off a hobgoblin in a bailey)
 13298 | D:11     | Learned a level 7 spell: Delayed Fireball
 13429 | D:11     | Found a frozen archway.
 13447 | IceCv    | Entered an ice cave
 13650 | IceCv    | Offered knowledge of Iskenderun's Battlesphere by Vehumet.
 14314 | IceCv    | Noticed a frost giant
 14320 | IceCv    | Killed a frost giant
 14320 | IceCv    | Reached skill level 10 in Air Magic
 14371 | IceCv    | Got a slimy short sword
 15267 | Lair:1   | Entered Level 1 of the Lair of Beasts
 15324 | Lair:1   | Upgraded the game from 0.19-a0-1889-g9c603be to 0.19-a0-1895-g783e625
 15472 | Lair:1   | Offered knowledge of Spellforged Servitor by Vehumet.
 15472 | Lair:1   | Gained mutation: You can fly continuously. [Tengu growth]
 15472 | Lair:1   | Reached XP level 14. HP: 84/84 MP: 28/28
 16014 | Lair:2   | Found a staircase to the Shoals.
 16020 | Lair:2   | Identified a scroll of acquirement
 16078 | Lair:2   | Reached skill level 11 in Air Magic
 16164 | Lair:2   | Found a labyrinth entrance.
 16174 | Lab      | Entered a labyrinth
 16430 | Lab      | Got a twitching copper amulet
 16472 | Lab      | Identified the amulet "Qoner" {Gourm rPois rN+ Dex+5} (You found it in a labyrinth)
 16854 | Lair:2   | Identified the cursed +1 short sword of Watogat {antimagic, rF++ rN+ MR+} (You found it in an ice cave)
 17098 | Lair:2   | Got a slimy hand axe
 18266 | Lair:4   | Identified the cursed +2 hand axe of Zin {flame, rPois rC+ Stlth+} (You found it on level 2 of the Lair of Beasts)
 18595 | Lair:4   | Noticed Nuatha's ghost (journeyman SpAK)
 18698 | Lair:4   | Reached skill level 12 in Air Magic
 18764 | Lair:4   | Reached skill level 1 in Evocations
 18780 | Lair:4   | Found a hole to the Spider Nest.
 18809 | Lair:4   | Noticed Nessos
 18815 | Lair:4   | Killed Nessos
 19246 | Lair:4   | Killed Nuatha's ghost
 19399 | Lair:5   | Reached skill level 5 in Evocations
 19590 | Lair:5   | Found a hazy altar of Hepliaklqana.
 19686 | Lair:5   | Offered knowledge of Bolt of Cold by Vehumet.
 19690 | Lair:5   | Reached skill level 10 in Dodging
 20362 | Lair:5   | Reached XP level 15. HP: 90/90 MP: 16/29
 20518 | Lair:6   | Entered Level 6 of the Lair of Beasts
 20545 | Lair:6   | Reached skill level 10 in Armour
 20669 | Lair:6   | Found a viscous altar of Jiyva.
 20669 | Lair:6   | Found a staircase to the Slime Pits.
 21617 | Lair:6   | Reached skill level 10 in Spellcasting
 21710 | Lair:6   | Reached ****** piety under Vehumet
 22150 | Shoals:1 | Entered Level 1 of the Shoals
 22382 | Shoals:1 | Offered knowledge of Bolt of Fire by Vehumet.
 23119 | Shoals:2 | Reached XP level 16. HP: 96/96 MP: 30/33
 23235 | Shoals:2 | Reached skill level 13 in Air Magic
 23370 | Shoals:2 | Reached skill level 14 in Air Magic
 24204 | Shoals:3 | Reached skill level 15 in Air Magic
 24917 | Shoals:3 | Reached skill level 16 in Air Magic
 25019 | Shoals:4 | Entered Level 4 of the Shoals
 25056 | Shoals:4 | Noticed Ilsuiw
 25067 | Shoals:4 | Killed Ilsuiw
 25227 | Shoals:4 | Reached skill level 17 in Air Magic
 25685 | Shoals:4 | Reached skill level 18 in Air Magic
 25688 | Shoals:4 | Reached XP level 17. HP: 100/100 MP: 26/34
 26073 | Shoals:4 | Got a barnacled rune of Zot
 26108 | Shoals:4 | Reached skill level 19 in Air Magic
 26113 | Shoals:4 | Offered knowledge of Lehudib's Crystal Spear by Vehumet.
 26113 | Shoals:4 | Offered knowledge of Shatter by Vehumet.
 26113 | Shoals:4 | Offered knowledge of Chain Lightning by Vehumet.
 26123 | Shoals:4 | Learned a level 8 spell: Chain Lightning
 26931 | Spider:1 | Entered Level 1 of the Spider Nest
 27148 | Spider:1 | Got a jewelled chain mail
 27275 | Spider:1 | Reached skill level 20 in Air Magic
 27544 | Spider:1 | Noticed Kirke
 27545 | Spider:1 | Killed Kirke
 28451 | Spider:2 | Noticed Raws's ghost (adept FoFi)
 29255 | Spider:2 | Killed Raws's ghost
 29262 | Spider:2 | Reached XP level 18. HP: 105/105 MP: 7/35
 29467 | Spider:3 | Noticed Arachne
 29469 | Spider:3 | Killed Arachne
 29471 | Spider:3 | Upgraded the game from 0.19-a0-1895-g783e625 to 0.19-a0-1899-g2d93087
 30032 | Spider:4 | Entered Level 4 of the Spider Nest
 30338 | Spider:4 | Reached skill level 21 in Air Magic
 30905 | Spider:4 | HP: 3/105 [emperor scorpion (14)]
 30905 | Spider:4 | Slain by a moth of wrath

Vault maps used:
D:1:      evilmike_arrival_crescent
D:2:      amethyst_overflow_temple_binary, nicolae_ru_awakened_eye
D:3:      old_standard_altar, nicolae_overflow_crystal_walls, first_bread,
          uniq_jessica
D:4:      corexii_shack_village, gup_sewer_entry_glass, uniq_menkaure
D:5:      kennysheep_windowed_halls, kennysheep_mini
D:7:      marbit_many_paths, nicolae_gozag_zags_fifth_avenue, uniq_duvessa,
          uniq_crazy_yiuf_cottage, uniq_prince_ribbit1
D:8:      kennysheep_little_box, fedhas_altar_fruit_tree, enter_bailey_3,
          david_nohive_1, cheibriados_altar_wand_db, uniq_pikel
D:9:      okawaru_altar_gauntlet_db, makhleb_blood_cavern_becter, special_room,
          hangedman_feature_mirror, onia_ninara_dug_in_and_dangerous
D:10:     orc_david_3, nicolae_blasting_shop
D:11:     minmay_lair_entry_grove, portal_ice_cave_entry_pillars_1,
          lemuel_another_geyser
Temple:   dpeg_chambers_temple
Lair:1:   st_stairs_6, serial_bayou_shore_a
Lair:2:   shoals_dummy_entry, lab_entry_generic, st_stairs_9, grunt_megastairs_1
Lair:3:   grunt_megastairs_5
Lair:4:   nicolae_spider_entry_tight_spaces, infiniplex_staircase_pool_2,
          lemuel_fruit_tree, uniq_nessos
Lair:5:   lemuel_reptile_caves, basic_altar, roderic_carrion_pond
Lair:6:   evilmike_catoblepas_cave, slime_altar_1
Shoals:4: shoals_end_grunt_ice, shoal_ilsuiw
Spider:1: uniq_kirke
Spider:2: worms_lemuel
Spider:3: uniq_arachne
Spider:4: spider_rune_water
Orc:1:    basic_altar
Orc:2:    grunt_orc_community_town_hall, grunt_orc_community_big_house_2,
          grunt_orc_community_big_house_1, grunt_orc_community_house_2,
          grunt_orc_community_house_2, grunt_orc_community_house_3,
          grunt_orc_community_house_1, grunt_orc_community_house_2,
          grunt_orc_community_house_1
Lab:      labyrinth_hidden_loot, nicolae_lab_flowing_pool, lab_fountain,
          nicolae_lab_very_dead_end, nicolae_lab_grate_2,
          labyrinth_skeletal_remains, labyrinth_lava_lair, nicolae_lab_x,
          labyrinth_fake_exit, nicolae_lab_garden, nicolae_lab_lava,
          labyrinth_glass_1, nicolae_lab_stuck
Sewer:    kennysheep_door_sewer
Bailey:   bailey_axe_4, bailey
IceCv:    ice_cave_caverns_01

Skill      XL: |  1  2  3  4  5  6  7  8  9 10 11 12 13 14 15 16 17 18 |
---------------+-------------------------------------------------------+-----
Conjurations   | 2 3 4 5 6 8 9 14 16 18 19 | 19.0
Fire Magic     | 4 5 6 7 9 |  9.0
Spellcasting   | 3 5 7 9 12 | 12.0
Translocations | 2 3 |  3.0
Armour         | 2 5 6 7 9 10 | 10.0
Dodging        | 3 4 6 7 10 | 10.0
Air Magic      | 5 8 9 10 12 18 20 21 | 21.7
Fighting       | 4 8 9 |  9.0
Shields        | 4 |  4.2
Evocations     | 5 7 |  7.1
Stealth        | |  2.0

Action                   |  1- 3 |  4- 6 |  7- 9 | 10-12 | 13-15 | 16-18 || total
-------------------------+-------+-------+-------+-------+-------+-------++-------
Melee: Unarmed           |    11 |     2 |       |       |       |       ||    13
       Peck              |     3 |     2 |     7 |     3 |    45 |    11 ||    71
       Kick              |     1 |     2 |     5 |     3 |    67 |    22 ||   100
       Dagger            |       |     6 |       |       |       |       ||     6
       Blowgun           |       |       |    29 |    16 |       |       ||    45
       Rapier            |       |       |       |       |   115 |    67 ||   182
       Short sword       |       |       |       |       |    65 |       ||    65
       Hand axe          |       |       |       |       |    31 |       ||    31
       Staff             |       |       |       |       |     5 |     5 ||    10
 Fire: Blowgun           |       |       |     5 |       |       |       ||     5
 Cast: Flame Tongue      |    68 |    68 |   247 |   159 |       |       ||   542
       Conjure Flame     |     2 |     1 |     7 |    10 |    33 |     7 ||    60
       Sticky Flame      |       |     4 |    10 |    44 |   139 |    40 ||   237
       Mephitic Cloud    |       |       |     7 |    26 |    17 |       ||    50
       Shock             |       |       |    36 |   114 |       |       ||   150
       Blink             |       |       |     2 |     7 |    12 |    22 ||    43
       Fireball          |       |       |       |    42 |    69 |    52 ||   163
       Iskenderun's Myst |       |       |       |    98 |   123 |   169 ||   390
       Orb of Destructio |       |       |       |     4 |    75 |   164 ||   243
       Delayed Fireball  |       |       |       |       |    11 |    13 ||    24
       Chain Lightning   |       |       |       |       |       |    36 ||    36
 Abil: Fly               |       |       |       |     2 |     3 |     1 ||     6
       Evoke Flight      |       |       |       |     1 |       |       ||     1
       Release Delayed F |       |       |       |       |    10 |    14 ||    24
       Stop Flying       |       |       |       |       |       |     1 ||     1
Evoke: Rod               |       |       |     1 |       |       |     6 ||     7
       Wand              |       |       |       |     9 |    13 |    10 ||    32
       Staff of energy   |       |       |       |       |   219 |   524 ||   743
  Use: Scroll            |       |     9 |     3 |    14 |    16 |     5 ||    47
       Potion            |       |       |       |       |       |     1 ||     1
 Stab: Confused          |       |       |       |       |     3 |       ||     3
       Sleeping          |       |       |       |       |     3 |       ||     3
  Eat: Chunk             |     4 |     5 |    17 |    38 |    71 |    74 ||   209
       Fruit             |       |       |       |     1 |       |       ||     1
       Beef jerky        |       |       |       |     1 |     2 |       ||     3
Armor: Robe              |     5 |     9 |       |     2 |    51 |       ||    67
       Troll leather arm |       |       |    39 |    32 |    72 |   100 ||   243
Dodge: Dodged            |    22 |    51 |   121 |   149 |   467 |   242 ||  1052
Block: Reflection        |       |       |       |     5 |     6 |    18 ||    29
       Other             |       |       |       |     2 |       |       ||     2
       Buckler           |       |       |       |    14 |   242 |   138 ||   394
